[ AOE2 MATCH · #506359146 ]
UnrankedJapanese vs Britons
Player's team · LOSS
Rival team · WIN
[ REPLAY ANALYSIS · EXTRACTED FROM THE RECORDED GAME ]
Feudal
10:30
Castle
20:56
Imperial
35:02
| APM avg | 85.9 |
| APM peak | 126 |
| eAPM avg | 44.6 |
| Villagers / military | 216 / 325 |
Focus
⚔️ 44.2% · 🌾 55.8%
Skirmisher ×204 · Cavalry Archer ×65 · Archer ×26 · Trebuchet (Packed) ×13 · Mangonel ×7 · Monk ×3
Feudal
8:51
Castle
19:54
Imperial
34:33
| APM avg | 62.7 |
| APM peak | 89 |
| eAPM avg | 39.5 |
| Villagers / military | 218 / 220 |
Focus
⚔️ 50.8% · 🌾 49.2%
Scout Cavalry ×129 · Archer ×67 · Mangonel ×10 · Trebuchet (Packed) ×5 · Battering Ram ×4 · Monk ×2
Match map
Initial resources + every placement click. Lines = walls · curves = elevation contours. ◆ gold · ⬟ stone · ● berries · ✦ relic · ◌ wall gap
Your base· ✓ Closed at 20:56 · 29t walls · no gate
OS+ | chart's base· ✓ Closed at 19:54 · 28t walls · no gate
Smoothed initial terrain · ◌ = detected wall gap · hover for details
Inputs per minute
— SalzZ_classicpro - - OS+ | chart
Build order — SalzZ_classicpro
First 150 of 761 actions detected
| 0:00 | Create | Villager (Male) |
| 0:01 | Create | Villager (Male) |
| 0:01 | Build | House |
| 0:02 | Build | House |
| 0:08 | Create | Villager (Male) |
| 0:08 | Create | Villager (Male) |
| 1:24 | Create | Villager (Male) |
| 1:24 | Create | Villager (Male) |
| 1:57 | Build | Lumber Camp |
| 1:57 | Create | Villager (Male) |
| 2:14 | Create | Villager (Male) |
| 2:45 | Create | Villager (Male) |
| 3:00 | Create | Villager (Male) |
| 3:00 | Create | Villager (Male) |
| 3:25 | Build | House |
| 3:29 | Build | House |
| 3:33 | Build | House |
| 3:35 | Create | Villager (Male) |
| 3:35 | Create | Villager (Male) |
| 4:04 | Create | Villager (Male) |
| 4:14 | Build | Barracks |
| 4:25 | Build | House |
| 4:28 | Create | Villager (Male) |
| 4:45 | Create | Villager (Male) |
| 4:46 | Create | Villager (Male) |
| 5:08 | Create | Militia |
| 5:09 | Create | Militia |
| 5:13 | Build | Mill |
| 5:19 | Create | Villager (Male) |
| 5:39 | Create | Militia |
| 5:45 | Create | Villager (Male) |
| 6:14 | Create | Villager (Male) |
| 6:36 | Create | Villager (Male) |
| 6:48 | Build | House |
| 7:01 | Create | Villager (Male) |
| 7:07 | Build | Palisade Wall |
| 7:08 | Build | Palisade Wall |
| 7:18 | Create | Villager (Male) |
| 7:20 | Research | Loom |
| 7:25 | Build | Palisade Wall |
| 7:46 | Build | Palisade Wall |
| 8:18 | Research | Feudal Age |
| 8:31 | Build | Mining Camp |
| 8:33 | Build | Mining Camp |
| 8:51 | Build | Lumber Camp |
| 9:26 | Build | Palisade Wall |
| 9:46 | Build | Palisade Wall |
| 9:49 | Build | House |
| 9:58 | Create | Villager (Male) |
| 10:30 | Age | Feudal Age |
| 10:41 | Build | Archery Range |
| 10:44 | Research | Double-Bit Axe |
| 10:44 | Research | Horse Collar |
| 10:44 | Research | Horse Collar |
| 10:44 | Research | Horse Collar |
| 10:45 | Create | Villager (Male) |
| 10:54 | Build | Farm |
| 10:55 | Build | Farm |
| 11:00 | Create | Villager (Male) |
| 11:14 | Create | Villager (Male) |
| 11:16 | Create | Villager (Male) |
| 11:21 | Build | Farm |
| 11:23 | Build | Farm |
| 11:25 | Build | Palisade Wall |
| 11:32 | Create | Skirmisher |
| 11:32 | Create | Skirmisher |
| 11:37 | Create | Villager (Male) |
| 11:38 | Build | Farm |
| 11:39 | Build | Farm |
| 11:43 | Create | Villager (Male) |
| 11:50 | Build | Farm |
| 11:54 | Build | House |
| 12:16 | Build | Farm |
| 12:18 | Create | Skirmisher |
| 12:22 | Create | Villager (Male) |
| 12:37 | Create | Skirmisher |
| 12:41 | Build | Blacksmith |
| 12:48 | Create | Villager (Male) |
| 12:50 | Build | Farm |
| 13:08 | Build | Farm |
| 13:10 | Create | Skirmisher |
| 13:11 | Create | Villager (Male) |
| 13:20 | Build | House |
| 13:24 | Create | Spearman |
| 13:36 | Build | Farm |
| 13:39 | Build | Farm |
| 13:43 | Create | Villager (Male) |
| 13:53 | Build | House |
| 13:54 | Build | House |
| 13:57 | Create | Villager (Male) |
| 13:58 | Create | Skirmisher |
| 14:04 | Build | Farm |
| 14:15 | Create | Villager (Male) |
| 14:27 | Build | Farm |
| 14:32 | Build | Farm |
| 14:34 | Create | Skirmisher |
| 14:38 | Research | Fletching |
| 14:38 | Research | Fletching |
| 14:47 | Create | Archer |
| 14:51 | Build | House |
| 14:52 | Build | House |
| 15:07 | Create | Villager (Male) |
| 15:09 | Build | Farm |
| 15:12 | Create | Villager (Male) |
| 15:16 | Build | Farm |
| 15:24 | Create | Archer |
| 15:27 | Create | Villager (Male) |
| 15:33 | Create | Villager (Male) |
| 15:41 | Create | Villager (Male) |
| 15:59 | Create | Villager (Male) |
| 16:03 | Build | Archery Range |
| 16:10 | Create | Archer |
| 16:10 | Create | Villager (Male) |
| 16:32 | Build | Farm |
| 16:55 | Build | Market |
| 16:59 | Create | Villager (Male) |
| 17:01 | Create | Archer |
| 17:01 | Create | Archer |
| 17:21 | Create | Villager (Male) |
| 17:36 | Create | Archer |
| 17:36 | Create | Archer |
| 18:16 | Research | Castle Age |
| 18:19 | Create | Archer |
| 18:20 | Create | Archer |
| 18:30 | Build | Lumber Camp |
| 18:58 | Create | Archer |
| 18:58 | Create | Archer |
| 18:59 | Research | Gold Mining |
| 18:59 | Research | Gold Mining |
| 18:59 | Research | Padded Archer Armor |
| 19:00 | Research | Padded Archer Armor |
| 19:00 | Research | Padded Archer Armor |
| 19:21 | Create | Archer |
| 19:21 | Create | Archer |
| 19:39 | Build | House |
| 19:41 | Build | Palisade Wall |
| 19:55 | Build | House |
| 19:57 | Build | House |
| 20:08 | Create | Villager (Male) |
| 20:15 | Create | Archer |
| 20:15 | Create | Archer |
| 20:20 | Build | Lumber Camp |
| 20:41 | Build | House |
| 20:56 | Age | Castle Age |
| 20:57 | Build | Mining Camp |
| 20:59 | Research | Crossbowman (upgrade) |
| 20:59 | Research | Crossbowman (upgrade) |
| 20:59 | Research | Bodkin Arrow |
| 20:59 | Research | Bodkin Arrow |
| 21:00 | Research | Bodkin Arrow |
Build order — OS+ | chart
First 150 of 661 actions detected
| 0:00 | Create | Villager (Male) |
| 0:01 | Create | Villager (Male) |
| 0:02 | Build | House |
| 0:02 | Build | House |
| 0:04 | Create | Villager (Male) |
| 0:05 | Create | Villager (Male) |
| 0:05 | Create | Villager (Male) |
| 0:05 | Create | Villager (Male) |
| 1:20 | Create | Villager (Male) |
| 1:20 | Create | Villager (Male) |
| 1:50 | Create | Villager (Male) |
| 1:50 | Create | Villager (Male) |
| 2:10 | Build | Lumber Camp |
| 2:20 | Create | Villager (Male) |
| 2:20 | Create | Villager (Male) |
| 2:41 | Create | Villager (Male) |
| 2:41 | Create | Villager (Male) |
| 3:06 | Create | Villager (Male) |
| 3:38 | Create | Villager (Male) |
| 3:38 | Create | Villager (Male) |
| 3:38 | Create | Villager (Male) |
| 3:49 | Build | House |
| 3:50 | Build | House |
| 3:57 | Create | Villager (Male) |
| 3:58 | Create | Villager (Male) |
| 4:25 | Create | Villager (Male) |
| 4:25 | Create | Villager (Male) |
| 4:47 | Create | Villager (Male) |
| 4:48 | Create | Villager (Male) |
| 4:48 | Create | Villager (Male) |
| 4:48 | Create | Villager (Male) |
| 4:54 | Research | Loom |
| 5:13 | Build | Mill |
| 6:41 | Research | Feudal Age |
| 7:13 | Build | Palisade Wall |
| 7:20 | Build | Palisade Wall |
| 7:21 | Build | Palisade Wall |
| 7:24 | Build | Palisade Wall |
| 7:25 | Build | Palisade Wall |
| 7:26 | Build | Palisade Wall |
| 7:45 | Build | Mining Camp |
| 7:48 | Create | Villager (Male) |
| 7:55 | Build | House |
| 7:56 | Build | Palisade Wall |
| 7:57 | Build | Palisade Wall |
| 7:59 | Build | Palisade Wall |
| 8:00 | Build | Palisade Wall |
| 8:10 | Build | Palisade Wall |
| 8:22 | Build | Barracks |
| 8:51 | Age | Feudal Age |
| 9:01 | Create | Villager (Male) |
| 9:13 | Build | Archery Range |
| 9:23 | Create | Villager (Male) |
| 9:29 | Create | Spearman |
| 9:34 | Create | Villager (Male) |
| 9:44 | Research | Double-Bit Axe |
| 9:54 | Create | Archer |
| 10:02 | Build | House |
| 10:07 | Create | Villager (Male) |
| 10:14 | Create | Archer |
| 10:15 | Create | Villager (Male) |
| 10:24 | Create | Archer |
| 10:39 | Build | House |
| 10:44 | Create | Villager (Male) |
| 10:57 | Create | Villager (Male) |
| 10:58 | Build | Farm |
| 11:07 | Build | House |
| 11:21 | Research | Horse Collar |
| 11:24 | Create | Villager (Male) |
| 11:30 | Create | Archer |
| 11:42 | Create | Villager (Male) |
| 11:51 | Create | Archer |
| 11:55 | Build | Farm |
| 11:57 | Build | Farm |
| 11:58 | Create | Villager (Male) |
| 12:10 | Create | Archer |
| 12:27 | Create | Villager (Male) |
| 12:28 | Build | Farm |
| 12:30 | Build | Farm |
| 12:30 | Build | Farm |
| 12:35 | Create | Archer |
| 12:48 | Build | Farm |
| 12:57 | Build | House |
| 12:57 | Create | Villager (Male) |
| 12:58 | Build | Farm |
| 13:06 | Build | Farm |
| 13:11 | Create | Archer |
| 13:25 | Create | Villager (Male) |
| 13:31 | Build | Farm |
| 13:36 | Create | Archer |
| 13:48 | Build | House |
| 13:55 | Create | Villager (Male) |
| 14:19 | Build | Blacksmith |
| 14:30 | Build | Farm |
| 14:30 | Create | Villager (Male) |
| 14:33 | Create | Archer |
| 15:04 | Build | House |
| 15:06 | Create | Villager (Male) |
| 15:08 | Build | Farm |
| 15:13 | Build | Farm |
| 15:18 | Create | Archer |
| 15:37 | Build | House |
| 15:42 | Build | Palisade Wall |
| 15:44 | Build | Palisade Wall |
| 15:56 | Create | Villager (Male) |
| 16:09 | Build | House |
| 16:11 | Create | Villager (Male) |
| 16:18 | Build | Watch Tower |
| 16:24 | Build | House |
| 16:26 | Build | Palisade Wall |
| 16:27 | Create | Villager (Male) |
| 16:30 | Build | Farm |
| 16:39 | Create | Archer |
| 16:48 | Create | Villager (Male) |
| 16:52 | Build | House |
| 16:59 | Build | Farm |
| 17:04 | Build | House |
| 17:14 | Research | Castle Age |
| 17:14 | Research | Castle Age |
| 17:30 | Create | Archer |
| 17:35 | Build | Stable |
| 17:55 | Research | Fletching |
| 17:59 | Build | Farm |
| 18:03 | Build | House |
| 18:04 | Build | Palisade Wall |
| 18:10 | Create | Archer |
| 18:23 | Create | Villager (Male) |
| 18:27 | Build | Palisade Wall |
| 18:28 | Create | Scout Cavalry |
| 18:57 | Create | Scout Cavalry |
| 18:59 | Create | Archer |
| 19:35 | Build | Farm |
| 19:35 | Build | Farm |
| 19:43 | Create | Villager (Male) |
| 19:54 | Age | Castle Age |
| 19:57 | Research | Crossbowman (upgrade) |
| 20:01 | Create | Villager (Male) |
| 20:08 | Build | Town Center |
| 20:08 | Create | Villager (Male) |
| 20:21 | Create | Villager (Male) |
| 20:39 | Research | Bodkin Arrow |
| 20:39 | Create | Villager (Male) |
| 20:39 | Create | Villager (Male) |
| 20:43 | Build | Lumber Camp |
| 20:56 | Create | Villager (Male) |
| 21:01 | Build | Siege Workshop |
| 21:10 | Create | Villager (Male) |
| 21:29 | Research | Bow Saw |
| 21:29 | Create | Villager (Male) |
| 21:47 | Create | Villager (Male) |
Match timeline
| 4:14 | SalzZ_classicpro · first_building Barracks |
| 7:07 | SalzZ_classicpro · wall_segment Palisade Wall x1 |
| 7:08 | SalzZ_classicpro · wall_segment Palisade Wall x1 |
| 7:13 | OS+ | chart · wall_segment Palisade Wall x4 |
| 7:20 | OS+ | chart · wall_segment Palisade Wall x1 |
| 7:21 | OS+ | chart · wall_segment Palisade Wall x1 |
| 7:24 | OS+ | chart · wall_segment Palisade Wall x1 |
| 7:25 | OS+ | chart · wall_segment Palisade Wall x1 |
| 7:25 | SalzZ_classicpro · wall_segment Palisade Wall x8 |
| 7:26 | OS+ | chart · wall_segment Palisade Wall x1 |
| 7:46 | SalzZ_classicpro · wall_segment Palisade Wall x12 |
| 7:56 | OS+ | chart · wall_segment Palisade Wall x1 |
| 7:57 | OS+ | chart · wall_segment Palisade Wall x1 |
| 7:59 | OS+ | chart · wall_segment Palisade Wall x1 |
| 8:00 | OS+ | chart · wall_segment Palisade Wall x1 |
| 8:10 | OS+ | chart · wall_segment Palisade Wall x1 |
| 8:22 | OS+ | chart · first_building Barracks |
| 8:51 | OS+ | chart · age_up feudal |
| 9:13 | OS+ | chart · first_building Archery Range |
| 9:26 | SalzZ_classicpro · wall_segment Palisade Wall x1 |
| 9:46 | SalzZ_classicpro · wall_segment Palisade Wall x1 |
| 10:30 | SalzZ_classicpro · age_up feudal |
| 10:41 | SalzZ_classicpro · first_building Archery Range |
| 11:25 | SalzZ_classicpro · wall_segment Palisade Wall x1 |
| 15:42 | OS+ | chart · wall_segment Palisade Wall x3 |
| 15:44 | OS+ | chart · wall_segment Palisade Wall x4 |
| 16:26 | OS+ | chart · wall_segment Palisade Wall x5 |
| 17:35 | OS+ | chart · first_building Stable |
| 17:56 | SalzZ_classicpro · first_market_sell 500 wood |
| 18:04 | OS+ | chart · wall_segment Palisade Wall x1 |
| 18:27 | OS+ | chart · wall_segment Palisade Wall x1 |
| 19:41 | SalzZ_classicpro · wall_segment Palisade Wall x4 |
| 19:54 | OS+ | chart · age_up castle |
| 20:56 | SalzZ_classicpro · age_up castle |
| 21:01 | OS+ | chart · first_building Siege Workshop |
| 22:48 | SalzZ_classicpro · first_building Siege Workshop |
| 27:23 | OS+ | chart · first_building Monastery |
| 28:13 | SalzZ_classicpro · first_market_buy 100 food |
| 29:33 | SalzZ_classicpro · first_building Monastery |
| 34:24 | OS+ | chart · first_building Castle |
| 34:33 | OS+ | chart · age_up imperial |
| 35:02 | SalzZ_classicpro · age_up imperial |
| 36:19 | OS+ | chart · first_market_buy 100 wood |
| 36:46 | SalzZ_classicpro · first_building Castle |
| 47:48 | SalzZ_classicpro · wall_segment Stone Wall x3 |
| 47:49 | SalzZ_classicpro · wall_segment Stone Wall x4 |
| 47:50 | SalzZ_classicpro · wall_segment Stone Wall x4 |
| 48:02 | OS+ | chart · first_market_sell 100 food |
| 49:43 | SalzZ_classicpro · wall_segment Palisade Wall x1 |
| 49:46 | SalzZ_classicpro · wall_segment Palisade Wall x1 |
| 50:38 | SalzZ_classicpro · resign |
[ AI ANALYSIS · 1 CREDIT ]
What really happened in this match?
Wolo.gg analyzes every decision: build order, eco, micro, common mistakes by bracket. Personalized analysis on WhatsApp or Discord in 30 seconds.
Civ guide
Japanese
Perfil
Jugador #1754629